 Dungeon Crawl Stone Soup version 0.25.1-2-g60ff931df9 (webtiles) character file.

Game seed: 13147572814598719872

51 Peloso the Covered (level 3, -4/33 HPs)
             Began as a Minotaur Fighter on Aug 16, 2020.
             Killed from afar by an orc wizard (6 damage)
             ... with a puff of flame
             ... on level 3 of the Dungeon.
             The game lasted 00:02:37 (1533 turns).

Peloso the Covered (Minotaur Fighter)               Turns: 1533, Time: 00:02:37

Health: -4/33      AC:  7    Str: 18 (20) XL:     3   Next: 57%
Magic:  2/2        EV:  7    Int:  3 (5)  God:
Gold:   124        SH: 14    Dex:  9 (10) Spells: 2/2 levels left

rFire    . . .     SeeInvis .   a - +0 long sword
rCold    + . .     Gourm    .   c - +0 kite shield
rNeg     . . .     Faith    .   b - +0 scale mail
rPois    .         Spirit   .   (helmet restricted)
rElec    .         Reflect  +   (no cloak)
rCorr    .         Harm     .   (no gloves)
MR       .....                  (no boots)
Stlth    ..........             l - amulet of reflection
HPRegen  0.11/turn              g - ring of flight
MPRegen  0.08/turn              h - ring of protection from cold

@: no status effects
A: retaliatory headbutt, horns 2
a: Evoke Flight


You were on level 3 of the Dungeon.
You were not hungry.

You visited 1 branch of the dungeon, and saw 3 of its levels.

You collected 124 gold pieces.

Inventory:

Hand Weapons
 a - a +0 long sword (weapon)
Armour
 b - a +0 scale mail (worn)
 c - a +0 kite shield (worn)
Jewellery
 g - a ring of flight (left hand)
 h - a ring of protection from cold (right hand)
 l - an amulet of reflection (around neck)
Scrolls
 e - a scroll of magic mapping {unknown}
 i - 2 scrolls of teleportation {unknown}
 j - 2 scrolls of fog {unknown}
 k - 3 scrolls of identify {unknown}
 m - a scroll of enchant weapon {unknown}
 o - a scroll of fear {unknown}
 q - a scroll of immolation {unknown}
Potions
 d - a potion of might
 n - a potion of flight {unknown}
 r - a potion of stabbing
Comestibles
 f - 4 rations
 p - 2 chunks of flesh


   Skills:
 + Level 4.0 Fighting
 + Level 3.0 Long Blades
 + Level 4.4 Armour
 + Level 0.4 Dodging
 + Level 4.2 Shields


You had 2 spell levels left.
You didn't know any spells.
Your spell library was empty.

Dungeon Overview and Level Annotations

Branches:
Dungeon (3/15)

Altars:


Innate Abilities, Weirdness & Mutations

You reflexively headbutt those who attack you in melee.
You have a pair of horns on your head.


Message History

You block the orc wizard's attack.
The orc wizard hits you with a +1 dagger of electrocution.
You are electrocuted!
* * * LOW HITPOINT WARNING * * *
You closely miss the orc wizard. You headbutt the orc wizard.
The orc wizard is almost dead.
The orc wizard casts a spell at you. The magic dart hits you.
* * * LOW HITPOINT WARNING * * *
You closely miss the orc wizard.
The orc wizard is almost dead.
The orc wizard casts a spell at you. The magic dart hits you.
* * * LOW HITPOINT WARNING * * *
You closely miss the orc wizard. Your headbutt misses the orc wizard.
The orc wizard is almost dead.
You block the orc wizard's attack.
The orc wizard gestures at you while chanting.
The puff of flame hits you.
You die...

.#######.###.#..#.######## .#
.... ##.#......... ### #.#.#
#<.#)...############ ....
..#.#.####....#........... ###.
#..............#.########## .
..#.#.####.#'##.# #. ... .#
####.##.# . ..##.
#.....#'########## .. ...
#@##..............
###.##.#######o##...........###
............##o##...........#
#..o.......##...........#
#>.####.#######.........# #..
#.................#


oog. ######............# ..... ..............# ##.... #.............# You could
see an orc wizard and an orc.

Vanquished Creatures
  An ooze (D:1)
  A worm (D:3)
  2 giant cockroaches
  7 goblins
  10 hobgoblins
  2 quokkas (D:2)
  6 bats
  5 frilled lizards
  4 kobolds
  4 rats
42 creatures vanquished.

Notes
Turn   | Place    | Note
-------+----------+-------------------------------------------
     0 | D:1      | Peloso the Minotaur Fighter began the quest for the Orb.
     0 | D:1      | Reached XP level 1. HP: 19/19 MP: 0/0
   226 | D:1      | Reached XP level 2. HP: 27/27 MP: 1/1
   496 | D:1      | You fall into a shaft and drop 1 floor!
   497 | D:2      | Reached XP level 3. HP: 33/33 MP: 2/2
  1532 | D:3      | HP: 1/33 [orc wizard/magic dart (3)]
  1533 | D:3      | Killed from afar by an orc wizard

Illustrated notes

Levels and vault maps discovered:
D:1:      saegor_arrival_simple_a, layout_basic
D:2:      layout_basic
D:3:      layout_basic, first_ration, uniq_grinder, uniq_jessica, uniq_ijyb

Skill      XL: |  1  2  3 |
---------------+----------+-----
Shields        | 4 |  4.2
Armour         | 4 |  4.4
Fighting       | 4 |  4.0
Long Blades    | 3 |  3.0
Dodging        | |  0.4

Action                   || total
-------------------------++-------
Melee: Long sword        ||    94
       Headbutt          ||    15
  Use: Potion            ||     5
  Eat: Chunk             ||     2
Armor: Scale mail        ||    40
Dodge: Dodged            ||    29
Block: Kite shield       ||    43
       Rpst.: Long sword ||     7
